 Dungeon Crawl Stone Soup version 0.21.1-1-g345015fe64 (webtiles) character file.

331 Peloso the Covered (level 6, -1/53 HPs)
             Began as a Minotaur Fighter on July 25, 2018.
             Was an Initiate of Okawaru.
             Slain by an orc warrior
             ... wielding a +0 long sword
              (13 damage)
             ... on level 4 of the Dungeon.
             The game lasted 00:04:21 (2288 turns).

Peloso the Covered (Minotaur Fighter)               Turns: 2288, Time: 00:04:21

Health: -1/53      AC:  7    Str: 21    XL:     6   Next: 26%
Magic:  5/5        EV:  8    Int:  5    God:    Okawaru [......]
Gold:   155        SH: 10    Dex: 11    Spells: 5/5 levels left

rFire    . . .     SeeInvis .   a - +0 long sword
rCold    . . .     Gourm    .   c - +0 shield
rNeg     . . .     Faith    .   b - +0 scale mail
rPois    .         Spirit   .   (helmet restricted)
rElec    .         Reflect  .   (no cloak)
rCorr    .         Harm     .   (no gloves)
MR       .....                  (no boots)
Stlth    ..........             (no amulet)
HPRegen  0.17/turn              (no ring)
MPRegen  0.09/turn              (no ring)

@: lethally poisoned (-1 -> -2)
A: retaliatory headbutt, horns 2
a: Renounce Religion


You were on level 4 of the Dungeon.
You worshipped Okawaru.
Okawaru was noncommittal.
You were hungry.

You visited 2 branches of the dungeon, and saw 5 of its levels.

You collected 155 gold pieces.

Inventory:

Hand Weapons
 a - a +0 long sword (weapon)
 g - a +2 short sword of flaming
Armour
 b - a +0 scale mail (worn)
 c - a +0 shield (worn)
Jewellery
 s - an uncursed ring of protection from magic {unknown}
Wands
 t - a wand of flame (43)
 v - a wand of paralysis (15)
Scrolls
 e - 3 scrolls of teleportation {unknown}
 j - 2 scrolls of fog {unknown}
 l - a scroll of remove curse {unknown}
 n - 2 scrolls of identify {unknown}
 r - 2 scrolls of enchant armour {unknown}
Potions
 d - 3 potions of might
 h - a potion of heal wounds {unknown}
 i - 2 potions of invisibility {unknown}
 k - a potion of brilliance {unknown}
 m - a potion of lignification {unknown}
 o - 2 potions of magic {unknown}
 p - a potion of agility {unknown}
 q - 2 potions of flight {unknown}
 u - 2 potions of curing {unknown}
Comestibles
 f - 3 rations


   Skills:
 + Level 4.6 Fighting
 + Level 4.6 Long Blades
 + Level 5.4 Armour
 + Level 1.7 Dodging
 + Level 0.3 Stealth
 + Level 5.0 Shields


You had 5 spell levels left.
You didn't know any spells.

Dungeon Overview and Level Annotations

Branches:
Dungeon (4/15)             Temple (1/1) D:4

Altars:
Ashenzari
Cheibriados
Dithmenos
Elyvilon
Fedhas
Hepliaklqana
Kikubaaqudgha
Makhleb
Nemelex Xobeh
Okawaru
Qazlal
Ru
Trog
Uskayaw
Vehumet
Wu Jian
Xom
Yredelemnul
Zin
The Shining One

Annotations:
D:3 Ablot's ghost, weakling GnWn


Innate Abilities, Weirdness & Mutations

You reflexively headbutt those who attack you in melee.
You have a pair of horns on your head.


Message History

You feel sick.
The orc wizard gestures at you while chanting.
The magic dart hits you!
The orc warrior hits you with a long sword!
The orc wizard gestures at you while chanting.
The puff of frost misses you.
The puff of frost hits the orc warrior.
Items here: ))) [ † a hand axe; a dagger of venom; a robe; a dagger; an orc corpse You hit the orc warrior but do no damage.
The orc warrior is moderately wounded.
The orc warrior hits you with a long sword!
The orc wizard points at you and mumbles some strange words.
The magic dart hits you!
* * * LOW HITPOINT WARNING * * *
You hit the orc warrior but do no damage.
You headbutt the orc warrior, but do no damage.
The orc warrior is moderately wounded.
You feel sick.
The orc warrior hits you with a long sword!
You die...

.........#
.........##########
..................#
.........########.#
.........# #.#
.........# #.#
.........# #.#
.........##.#####.#
...#.######....o@o#
...#.# #########
.###.# .# .# .# .#
.. #


You could see an orc warrior and an orc wizard.

Vanquished Creatures
  A bullfrog (D:4)
  A howler monkey (D:4)
  A hound (D:4)
  An orc wizard (D:4)
  A worker ant (D:4)
  Natasha (D:2)
  Robin (D:4)
  4 adders
  An ooze (D:1)
  2 worms
  2 dart slugs
  A leopard gecko (D:4)
  3 orcs (D:4)
  2 ball pythons (D:4)
  8 bats
  2 giant cockroaches
  11 goblins
  8 hobgoblins
  2 frilled lizards
  3 kobolds
  4 rats
60 creatures vanquished.

Notes
Turn   | Place    | Note
-------+----------+-------------------------------------------
     0 | D:1      | Peloso the Minotaur Fighter began the quest for the Orb.
     0 | D:1      | Reached XP level 1. HP: 19/19 MP: 0/0
     1 | D:1      | Found a shadowy altar of Dithmenos.
   214 | D:1      | Reached XP level 2. HP: 16/27 MP: 1/1
   888 | D:2      | Reached XP level 3. HP: 33/33 MP: 2/2
  1007 | D:2      | Noticed Natasha
  1011 | D:2      | Killed Natasha
  1086 | D:2      | Reached XP level 4. HP: 40/40 MP: 3/3
  1220 | D:2      | Found a faded altar of an unknown god.
  1491 | D:3      | Noticed Ablot's ghost (weakling GnWn)
  1541 | D:4      | Reached skill level 1 in Dodging
  1583 | D:4      | Noticed a bullfrog
  1589 | D:4      | Killed a bullfrog
  1589 | D:4      | Reached XP level 5. HP: 38/46 MP: 4/4
  1611 | D:4      | Reached skill level 5 in Armour
  1786 | D:4      | Found a staircase to the Ecumenical Temple.
  1794 | D:4      | Noticed Robin
  1801 | Temple   | Entered the Ecumenical Temple
  1991 | Temple   | Became a worshipper of Warmaster Okawaru
  2048 | D:4      | Killed Robin
  2065 | D:4      | Found a burning altar of Makhleb.
  2126 | D:4      | Reached XP level 6. HP: 30/53 MP: 5/5
  2279 | D:4      | Noticed an orc warrior
  2281 | D:4      | Reached skill level 5 in Shields
  2288 | D:4      | Slain by an orc warrior

Skill      XL: |  1  2  3  4  5  6 |
---------------+-------------------+-----
Armour         | 4 5 |  5.4
Fighting       | 4 |  4.6
Long Blades    | 3 4 |  4.6
Shields        | 4 5 |  5.0
Dodging        | 1 |  1.7
Stealth        | |  0.3

Action                   |  1- 3 |  4- 6 || total
-------------------------+-------+-------++-------
Melee: Long sword        |    71 |    95 ||   166
       Headbutt          |    11 |    15 ||    26
  Eat: Chunk             |       |     4 ||     4
Armor: Scale mail        |    44 |    54 ||    98
Dodge: Dodged            |    27 |    44 ||    71
Block: Shield            |    43 |    67 ||   110
       Rpst.: Long sword |     8 |    11 ||    19
